 Dungeon Crawl Stone Soup version 0.19-a0-36-g4a0968a (webtiles) character file.

67 M4edhros the Sneak (level 4, -1/28 HPs)
             Began as an Octopode Artificer on May 4, 2016.
             Slain by a goblin (2 damage)
             ... on level 2 of the Dungeon.
             The game lasted 00:01:32 (1095 turns).

M4edhros the Sneak (Octopode Artificer)             Turns: 1095, Time: 00:01:33

Health: -1/28      AC:  3    Str: 10    XL:     4   Next: 16%
Magic:  6/6        EV: 12    Int: 14    God:
Gold:   59         SH:  0    Dex: 13    Spells: 0 memorised, 3 levels left

rFire  . . .     SeeInvis .     a - +0 short sword
rCold  . . .     Gourm    .     (no shield)
rNeg   + . .     Faith    .     h - +2 hat
rPois  .         Spirit   .     (no amulet)
rElec  .         Dismiss  .     n - ring of positive energy
rCorr  .         Reflect  .     (no ring)
SustAt .         Harm     .     (no ring)
MR     .....                    (no ring)
Stlth  ++++......               (no ring)
                                (no ring)
                                (no ring)
                                (no ring)

@: lethally poisoned (-1 -> -9), flying, very slightly contaminated, invisible,
not resistant to hostile enchantments, stealthy
A: almost no armour, amphibious, 8 rings, constrict 8, camouflage 1, gelatinous
body 1
a: no special abilities


You were on level 2 of the Dungeon.
You were hungry.

You visited 1 branch of the dungeon, and saw 2 of its levels.

You collected 59 gold pieces.

Inventory:

Hand Weapons
 a - a +0 short sword (weapon)
 q - a +0 hunting sling
Missiles
 i - 5 javelins (quivered)
 p - 20 sling bullets
Armour
 h - a +2 hat (worn)
Jewellery
 n - a ring of positive energy (left tentacle)
Wands
 b - a wand of flame (15/48)
 c - a wand of enslavement (15/24)
 d - a wand of random effects (15/48)
 e - a wand of polymorph (8/24)
Scrolls
 l - a scroll of remove curse {unknown}
 m - a scroll of identify {unknown}
 o - a scroll of enchant armour {unknown}
 r - a scroll of recharging {unknown}
Potions
 k - a potion of might
 s - a potion of flight
Comestibles
 f - 2 bread rations
 j - 2 meat rations


   Skills:
 - Level 1.0 Fighting
 - Level 1.0 Short Blades
 + Level 1.5 Slings
 - Level 2.0 Dodging
 + Level 4.9 Stealth
 - Level 3.2 Evocations


You had 3 spell levels left.
You didn't know any spells.

Dungeon Overview and Level Annotations

Branches:
Dungeon (2/15)

Altars:


Innate Abilities, Weirdness & Mutations

You cannot wear most types of armour.
You are amphibious.
You can wear up to eight rings at the same time.
You can use your tentacles to constrict eight enemies at once.
Your skin changes colour to match your surroundings (Stealth).
Your rubbery body absorbs attacks (AC +1).


Message History

You feel very buoyant.
You fly up into the air.
The adder bites you.
* * * LOW HITPOINT WARNING * * *
You are more poisoned.
The adder poisons you! The goblin barely misses you.
Unknown command.
Drink which item? (? for menu, Esc to quit)
It was a potion of invisibility.
You fade into invisibility!
* * * LOW HITPOINT WARNING * * *
You feel sick. The adder closely misses you. The goblin barely misses you.
The adder bites you.
* * * LOW HITPOINT WARNING * * *
You are very lightly contaminated with residual magic.
You strike the helpless adder from behind!
You hit the adder.
You kill the adder!
* * * LOW HITPOINT WARNING * * *
You feel sick. The goblin hits you.
You die...

#.........#..#####..##.#.
#+#######.#.........##.#.
< #.#.........##.#. ..
#.#..###.#####.# ...
#.#..###.#####.# ....
#.#............#
.....###.#........#####
......g#.#...##.#.#
......†@........#.#
#.......##.[..###.#####.
###.....##..............
#............##..######
##.....###............†
#####.# #.#.##..######
#.# #.#+##..#..... #.#
#.......+.....
.....<..#.....


You could see a goblin.

Vanquished Creatures
  Robin (D:2)
  An adder (D:2)
  A worm (D:2)
  A dart slug (D:1)
  2 giant geckos
  3 giant cockroaches
  6 goblins (D:2)
  3 hobgoblins
  7 jackals
  4 kobolds
  3 bats
  3 giant newts (D:1)
  2 rats
37 creatures vanquished.

Notes
Turn   | Place    | Note
--------------------------------------------------------------
     0 | D:1      | M4edhros the Octopode Artificer began the quest for the Orb.
     0 | D:1      | Reached XP level 1. HP: 13/13 MP: 3/3
    57 | D:1      | Reached skill level 2 in Stealth
    90 | D:1      | Reached skill level 3 in Stealth
    90 | D:1      | Reached XP level 2. HP: 14/18 MP: 4/4
   365 | D:1      | Reached skill level 4 in Stealth
   811 | D:2      | Reached XP level 3. HP: 23/23 MP: 5/5
   979 | D:2      | Noticed Robin
  1004 | D:2      | Killed Robin
  1004 | D:2      | Reached skill level 1 in Slings
  1075 | D:2      | Reached XP level 4. HP: 16/28 MP: 6/6
  1095 | D:2      | HP: 1/28 [poisoned by an adder]
  1095 | D:2      | Slain by a goblin

Vault maps used:
D:1:      elethiomel_arrival_quiet, minmay_misc_feat_four_crosses
D:2:      nemelex_deck, first_bread, due_unseen_surprise, uniq_sigmund,
          uniq_iyjb, uniq_robin

Skill      XL: |  1  2  3 |
---------------+----------+-----
Stealth        | 3 4 |  4.9
Slings         | 1 |  1.5
Fighting       | |  1.0
Short Blades   | |  1.0
Dodging        | |  2.0
Evocations     | |  3.2

Action                   |  1- 3 |  4- 6 || total
-------------------------+-------+-------++-------
Melee: Short sword       |    62 |     5 ||    67
       Constrict         |    13 |       ||    13
       Tentacles         |     6 |       ||     6
  Use: Potion            |     3 |     2 ||     5
 Stab: Sleeping          |     7 |       ||     7
       Invisible         |       |     1 ||     1
Armor: Skin              |     5 |     1 ||     6
Dodge: Dodged            |    37 |     7 ||    44
